| TOP OF THE 1ST |
|
Chicago White Sox batting - Pitching for Baltimore Orioles : RHP John Montague
|
|
Pitching: RHP John Montague
|
|
|
Batting: SHB Ozzie Smith
|
0-0: Called Strike 0-1: Called Strike 0-2: Ball 1-2: Foul Ball, location: 2F 1-2: SINGLE (Groundball, 34S, EV 65.6 MPH) (infield hit)
|
|
Batting: LHB Rudy Law
|
0-0: Fielders Choice at 2nd, 3-6 (Groundball, 3, EV 88.1 MPH)
|
|
Batting: SHB Dwayne Taggart
|
0-0: Called Strike 0-1: Ball 1-1: Ball 2-1: Fielders Choice at 2nd, 6-4 (Groundball, 6, EV 79.4 MPH)
|
|
Batting: LHB Mitchell Page
|
0-0: Foul Ball, location: 2F 0-1: Ball 1-1: Ball 2-1: Fly out, F8 (Flyball, 8LD, EV 102.5 MPH)
|
| Top of the 1st over - 0 runs, 1 hit, 0 errors, 1 left on base; Chicago 0 - Baltimore 0 |
| BOTTOM OF THE 1ST |
|
Baltimore Orioles batting - Pitching for Chicago White Sox : RHP Pete Vuckovich
|
|
Pitching: RHP Pete Vuckovich
|
|
|
Batting: SHB Willie McGee
|
0-0: Called Strike 0-1: Ball 1-1: Fly out, F4 (Flyball, 34D, EV 81.3 MPH)
|
|
Batting: SHB Johnny Ray
|
0-0: Ground out 4-3 (Groundball, 4, EV 83.8 MPH)
|
|
Batting: LHB Dave Parker
|
0-0: Called Strike 0-1: Ball 1-1: Ball 2-1: Fly out, F7 (Flyball, 7S, EV 84.4 MPH)
|
| Bottom of the 1st over - 0 runs, 0 hits, 0 errors, 0 left on base; Chicago 0 - Baltimore 0 |
| TOP OF THE 2ND |
|
Chicago White Sox batting - Pitching for Baltimore Orioles : RHP John Montague
|
|
Batting: RHB Steve Henderson
|
0-0: Called Strike 0-1: Called Strike 0-2: Ball 1-2: Ball 2-2: Ground out 6-3 (Groundball, 6, EV 95.0 MPH)
|
|
Batting: RHB Tim Teufel
|
0-0: Ball 1-0: Called Strike 1-1: Ball 2-1: Ball 3-1: DOUBLE (Flyball, 8RXD, EV 96.3 MPH)
|
|
Batting: RHB Mike Heath
|
0-0: Ball 1-0: Called Strike 1-1: Foul Ball, location: 2F 1-2: Strikes out swinging
|
|
Batting: LHB Ryan MacFarland
|
0-0: Ball 1-0: Foul Ball, location: 7LSF, Error on foul ball, E7 1-1: Ball 2-1: Foul Ball, location: 2F 2-2: Ball 3-2: Base on Balls
|
|
Batting: LHB Steve Christmas
|
0-0: Foul Ball, location: 2F 0-1: Ball 1-1: Swinging Strike 1-2: Foul Ball, location: 2F 1-2: Strikes out swinging
|
| Top of the 2nd over - 0 runs, 1 hit, 1 error, 2 left on base; Chicago 0 - Baltimore 0 |
| BOTTOM OF THE 2ND |
|
Baltimore Orioles batting - Pitching for Chicago White Sox : RHP Pete Vuckovich
|
|
Batting: RHB Dwight Evans
|
0-0: SINGLE (Flyball, 34D, EV 93.8 MPH)
|
|
Batting: LHB Fred Lynn
|
0-0: TRIPLE (Flyball, 89XD, EV 96.3 MPH) Dwight Evans scores
|
|
Batting: SHB Steve R Ontiveros
|
0-0: Called Strike 0-1: Ball 1-1: Foul Ball, location: 2F 1-2: Foul Ball, location: 2F 1-2: Foul Ball, location: 2F 1-2: Fly out, F8 (Flyball, 8LD, EV 100.6 MPH) Runner from 3rd tags up, SCORES, throw by CF
|
|
Batting: RHB Matt Rice
|
0-0: Foul Ball, location: 2F 0-1: Ball 1-1: Swinging Strike 1-2: Ground out 5-3 (Groundball, 5, EV 86.3 MPH)
|
|
Batting: RHB Dennis Werth
|
0-0: Called Strike 0-1: Foul Ball, location: 2F 0-2: Strikes out swinging
|
| Bottom of the 2nd over - 2 runs, 2 hits, 0 errors, 0 left on base; Chicago 0 - Baltimore 2 |
| TOP OF THE 3RD |
|
Chicago White Sox batting - Pitching for Baltimore Orioles : RHP John Montague
|
|
Batting: SHB Ozzie Smith
|
0-0: Called Strike 0-1: Foul Ball, location: 2F 0-2: Ground out 4-3 (Groundball, 4M, EV 103.8 MPH)
|
|
Batting: LHB Rudy Law
|
0-0: Ball 1-0: Fly out, F6 (Flyball, 56D, EV 84.4 MPH)
|
|
Batting: SHB Dwayne Taggart
|
0-0: Called Strike 0-1: Foul Ball, location: 2F 0-2: Strikes out swinging
|
| Top of the 3rd over - 0 runs, 0 hits, 0 errors, 0 left on base; Chicago 0 - Baltimore 2 |
| BOTTOM OF THE 3RD |
|
Baltimore Orioles batting - Pitching for Chicago White Sox : RHP Pete Vuckovich
|
|
Batting: RHB Garth Iorg
|
0-0: Ball 1-0: Ground out 2-3 (Groundball, 2L, EV 70.0 MPH)
|
|
Batting: SHB Willie McGee
|
0-0: Ball 1-0: SINGLE (Groundball, 34D, EV 98.8 MPH)
|
|
Batting: SHB Johnny Ray
|
0-0: Ball Willie McGee is caught stealing 2nd base 2-6 1-0: Fly out, F6 (Popup, 15, EV 78.8 MPH)
|
| Bottom of the 3rd over - 0 runs, 1 hit, 0 errors, 0 left on base; Chicago 0 - Baltimore 2 |
| TOP OF THE 4TH |
|
Chicago White Sox batting - Pitching for Baltimore Orioles : RHP John Montague
|
|
Batting: LHB Mitchell Page
|
0-0: Ball 1-0: Called Strike 1-1: Swinging Strike 1-2: Foul Ball, location: 2F 1-2: Ball 2-2: Ground out U3 (Groundball, 3, EV 107.5 MPH)
|
|
Batting: RHB Steve Henderson
|
0-0: Ball 1-0: Foul Ball, location: 2F 1-1: Foul Ball, location: 2F 1-2: SINGLE (Flyball, 89S, EV 96.3 MPH)
|
|
Batting: RHB Tim Teufel
|
0-0: Called Strike 0-1: Ball 1-1: Swinging Strike 1-2: Foul Ball, location: 2F 1-2: Strikes out swinging
|
|
Batting: RHB Mike Heath
|
0-0: Ball Steve Henderson steals 2nd, throwing error, E2 Steve Henderson to third 1-0: Ball 2-0: Ball 3-0: Called Strike 3-1: Called Strike 3-2: Strikes out looking
|
| Top of the 4th over - 0 runs, 1 hit, 1 error, 1 left on base; Chicago 0 - Baltimore 2 |
| BOTTOM OF THE 4TH |
|
Baltimore Orioles batting - Pitching for Chicago White Sox : RHP Pete Vuckovich
|
|
Batting: LHB Dave Parker
|
0-0: Fly out, F8 (Flyball, 78M, EV 80.0 MPH)
|
|
Batting: RHB Dwight Evans
|
0-0: Called Strike 0-1: Fly out, F7 (Flyball, 7S, EV 83.8 MPH)
|
|
Batting: LHB Fred Lynn
|
0-0: Foul Ball, location: 2F 0-1: Foul Ball, location: 2F 0-2: DOUBLE (Line Drive, 7LM, EV 100.6 MPH)
|
|
Batting: SHB Steve R Ontiveros
|
0-0: TRIPLE (Line Drive, 78XD, EV 109.4 MPH) Fred Lynn scores
|
|
Batting: RHB Matt Rice
|
0-0: Called Strike 0-1: Foul Ball, location: 2F 0-2: Strikes out swinging
|
| Bottom of the 4th over - 1 run, 2 hits, 0 errors, 1 left on base; Chicago 0 - Baltimore 3 |
| TOP OF THE 5TH |
|
Chicago White Sox batting - Pitching for Baltimore Orioles : RHP John Montague
|
|
Batting: LHB Ryan MacFarland
|
0-0: Ball 1-0: SINGLE (Groundball, 6MD, EV 97.5 MPH)
|
|
Batting: LHB Steve Christmas
|
0-0: Ball 1-0: Bunted foul 1-1: Bunted foul 1-2: Ball 2-2: Fly out, F7 (Flyball, 7, EV 85.0 MPH)
|
|
Batting: SHB Ozzie Smith
|
0-0: Called Strike 0-1: Foul Ball, location: 2F 0-2: Fly out, F8 (Flyball, 89M, EV 85.6 MPH)
|
|
Batting: LHB Rudy Law
|
0-0: Ball 1-0: Called Strike 1-1: Ball 2-1: Foul Ball, location: 2F 2-2: Fly out, F2 (Popup, 15S, EV 92.5 MPH)
|
| Top of the 5th over - 0 runs, 1 hit, 0 errors, 1 left on base; Chicago 0 - Baltimore 3 |
| BOTTOM OF THE 5TH |
|
Baltimore Orioles batting - Pitching for Chicago White Sox : RHP Pete Vuckovich
|
|
Batting: RHB Dennis Werth
|
0-0: Ball 1-0: Called Strike 1-1: Ball 2-1: Swinging Strike 2-2: Foul Ball, location: 2F 2-2: Ball 3-2: Strikes out swinging
|
|
Batting: RHB Garth Iorg
|
0-0: Ball 1-0: Ball 2-0: Foul Ball, location: 2F 2-1: Fly out, F4 (Popup, 13, EV 85.0 MPH)
|
|
Batting: SHB Willie McGee
|
0-0: Called Strike 0-1: Foul Ball, location: 2F 0-2: Ball 1-2: Ground out U3 (Groundball, 34S, EV 86.3 MPH)
|
| Bottom of the 5th over - 0 runs, 0 hits, 0 errors, 0 left on base; Chicago 0 - Baltimore 3 |
| TOP OF THE 6TH |
|
Chicago White Sox batting - Pitching for Baltimore Orioles : RHP John Montague
|
|
Batting: SHB Dwayne Taggart
|
0-0: Called Strike 0-1: Swinging Strike 0-2: Ball 1-2: Foul Ball, location: 2F 1-2: Strikes out swinging
|
|
Batting: LHB Mitchell Page
|
0-0: Ball 1-0: Called Strike 1-1: Foul Ball, location: 2F 1-2: Foul Ball, location: 2F 1-2: Ball 2-2: Strikes out looking
|
|
Batting: RHB Steve Henderson
|
0-0: Ball 1-0: Ball 2-0: Called Strike 2-1: Foul Ball, location: 2F 2-2: Strikes out looking
|
| Top of the 6th over - 0 runs, 0 hits, 0 errors, 0 left on base; Chicago 0 - Baltimore 3 |
| BOTTOM OF THE 6TH |
|
Baltimore Orioles batting - Pitching for Chicago White Sox : RHP Pete Vuckovich
|
|
Batting: SHB Johnny Ray
|
0-0: Ball 1-0: Ball 2-0: Called Strike 2-1: Foul Ball, location: 2F 2-2: Fly out, F7 (Line Drive, 7, EV 94.4 MPH)
|
|
Batting: LHB Dave Parker
|
0-0: Fly out, F8 (Flyball, 8RXD, EV 91.9 MPH)
|
|
Batting: RHB Dwight Evans
|
0-0: Ball 1-0: Called Strike 1-1: Foul Ball, location: 2F 1-2: Strikes out swinging
|
| Bottom of the 6th over - 0 runs, 0 hits, 0 errors, 0 left on base; Chicago 0 - Baltimore 3 |
| TOP OF THE 7TH |
|
Chicago White Sox batting - Pitching for Baltimore Orioles : RHP John Montague
|
|
Now at 3B: Mike Henderson
|
|
|
Now in CF: Mark Brouhard
|
|
|
Batting: RHB Tim Teufel
|
0-0: Ball 1-0: Ball 2-0: Ball 3-0: Called Strike 3-1: Foul Ball, location: 2F 3-2: SINGLE (Flyball, 78S, EV 85.0 MPH)
|
|
Batting: RHB Mike Heath
|
0-0: Ball 1-0: Ball 2-0: Called Strike 2-1: Called Strike 2-2: Foul Ball, location: 2F 2-2: Grounds into double play, 5-4-3 (Groundball, 56S, EV 79.4 MPH)
|
|
Batting: LHB Ryan MacFarland
|
0-0: Ball 1-0: Ball 2-0: Foul Ball, location: 2F 2-1: Swinging Strike 2-2: Foul Ball, location: 2F 2-2: Foul Ball, location: 2F 2-2: Strikes out swinging
|
| Top of the 7th over - 0 runs, 1 hit, 0 errors, 0 left on base; Chicago 0 - Baltimore 3 |
| BOTTOM OF THE 7TH |
|
Baltimore Orioles batting - Pitching for Chicago White Sox : RHP Pete Vuckovich
|
|
Batting: LHB Fred Lynn
|
0-0: Ball 1-0: SINGLE (Line Drive, 78M, EV 102.5 MPH)
|
|
Batting: SHB Steve R Ontiveros
|
0-0: Ball 1-0: Ball 2-0: Foul Ball, location: 2F 2-1: SINGLE (Line Drive, 9LS, EV 90.0 MPH) Fred Lynn to second Runner from 2nd tries for 3rd, SAFE, throw by RF made to third
|
|
Batting: RHB Matt Rice
|
0-0: Called Strike 0-1: Called Strike 0-2: Ball 1-2: Foul Ball, location: 2F 1-2: Grounds into double play, 6-4-3 (Groundball, 6, EV 104.4 MPH) Fred Lynn scores
|
|
Batting: RHB Dennis Werth
|
0-0: Foul Ball, location: 2F 0-1: Fly out, F9 (Flyball, 89XD, EV 96.9 MPH)
|
| Bottom of the 7th over - 1 run, 2 hits, 0 errors, 0 left on base; Chicago 0 - Baltimore 4 |
| TOP OF THE 8TH |
|
Chicago White Sox batting - Pitching for Baltimore Orioles : RHP John Montague
|
|
Now at C: Bill Foley
|
|
|
Batting: LHB Steve Christmas
|
0-0: Foul Ball, location: 2F 0-1: Ball 1-1: Ball 2-1: Ball 3-1: Swinging Strike 3-2: Fly out, F6 (Popup, 4MD, EV 65.0 MPH)
|
|
Pitching: RHP Robert Weismore
|
|
|
Batting: SHB Ozzie Smith
|
0-0: Ball 1-0: Called Strike 1-1: Foul Ball, location: 2F 1-2: Ball 2-2: Ground out 4-3 (Groundball, 4, EV 92.5 MPH)
|
|
Batting: LHB Rudy Law
|
0-0: Foul Ball, location: 2F 0-1: Called Strike 0-2: Strikes out swinging
|
| Top of the 8th over - 0 runs, 0 hits, 0 errors, 0 left on base; Chicago 0 - Baltimore 4 |
| BOTTOM OF THE 8TH |
|
Baltimore Orioles batting - Pitching for Chicago White Sox : RHP Pete Vuckovich
|
|
Batting: RHB Garth Iorg
|
0-0: Called Strike 0-1: Ball 1-1: Foul Ball, location: 2F 1-2: Fly out, F8 (Flyball, 8RM, EV 94.4 MPH)
|
|
Batting: SHB Willie McGee
|
0-0: Called Strike 0-1: Ball 1-1: Ball 2-1: Ground out 6-3 (Groundball, 6, EV 81.9 MPH)
|
|
Batting: RHB Mark Brouhard
|
0-0: Called Strike 0-1: Ball 1-1: Fly out, F4 (Popup, 3S, EV 78.8 MPH)
|
| Bottom of the 8th over - 0 runs, 0 hits, 0 errors, 0 left on base; Chicago 0 - Baltimore 4 |
| TOP OF THE 9TH |
|
Chicago White Sox batting - Pitching for Baltimore Orioles : RHP Robert Weismore
|
|
Batting: SHB Dwayne Taggart
|
0-0: Called Strike 0-1: Ball 1-1: SINGLE (Groundball, 6MD, EV 96.9 MPH)
|
|
Batting: LHB Mitchell Page
|
0-0: Swinging Strike 0-1: Ball 1-1: Fielders Choice at 2nd, 3-6 (Groundball, 3S, EV 86.9 MPH)
|
|
Batting: RHB Steve Henderson
|
0-0: SINGLE (Line Drive, 3D, EV 110.0 MPH) Mitchell Page to second
|
|
Batting: RHB Tim Teufel
|
0-0: Ball 1-0: Ball 2-0: Called Strike 2-1: Ball 3-1: Foul Ball, location: 2F 3-2: Foul Ball, location: 2F 3-2: Strikes out swinging
|
|
Batting: RHB Mike Heath
|
0-0: Ball 1-0: Ball 2-0: Called Strike 2-1: DOUBLE (Line Drive, 78D, EV 102.5 MPH) Mitchell Page scores Steve Henderson to third
|
|
Batting: LHB Ryan MacFarland
|
0-0: Ball 1-0: Ground out U3 (Groundball, 34, EV 85.6 MPH)
|
| Top of the 9th over - 1 run, 3 hits, 0 errors, 2 left on base; Chicago 1 - Baltimore 4 |
|